 Dungeon Crawl Stone Soup version 0.20.1-1-g8b1a95d (webtiles) character file.

1980 Fisto the Digger (level 9, 0/78 HPs)
             Began as a Deep Dwarf Earth Elementalist on Nov 5, 2017.
             Was a Priest of the Shining One.
             Slain by a bullfrog (2 damage)
             ... on level 8 of the Dungeon.
             The game lasted 01:37:18 (6151 turns).

Fisto the Digger (Deep Dwarf Earth Elementalist)    Turns: 6151, Time: 01:37:19

Health: 0/78       AC:  7    Str: 15      XL:     9   Next: 1%
Magic:  0/5        EV:  7    Int: 15 (16) God:    the Shining One [***...]
Gold:   180        SH: 10    Dex:  7 (15) Spells: 13/14 levels left

rFire    . . .     SeeInvis .   j - +1 short sword
rCold    . . .     Gourm    .   t - +0 buckler
rNeg     + . .     Faith    .   p - +0 chain mail
rPois    .         Spirit   .   x - +0 helmet
rElec    .         Reflect  .   (no cloak)
rCorr    .         Harm     .   (no gloves)
MR       +....                  (no boots)
Stlth    ..........             (no amulet)
Regen    0.0/turn               (no ring)
MPRegen  0.1/turn               (no ring)

@: lethally poisoned (0 -> -13), divine shield, non-regenerating, glowing
A: damage resistance, heal wounds, agile 1, blurry vision 1, deformed body,
deterioration 1, sense surroundings 2, no regeneration
a: Heal Wounds, Divine Shield, Renounce Religion


You were on level 8 of the Dungeon.
You worshipped the Shining One.
The Shining One was most pleased with you.
You were not hungry.

You visited 2 branches of the dungeon, and saw 10 of its levels.

You collected 222 gold pieces.
You spent 42 gold pieces at shops.

Inventory:

Hand Weapons
 j - a +1 short sword (weapon)
 u - a cursed -1 flail
 w - a +0 whip of flaming
Missiles
 a - 10 tomahawks
 A - 3 tomahawks of returning
 H - 15 stones (quivered)
 J - a throwing net
Armour
 p - a +0 chain mail (worn)
 t - a +0 buckler (worn)
 x - a +0 helmet (worn)
Jewellery
 C - the ring of Sarup {rCorr rF+ MR+}
   (You found it on level 5 of the Dungeon)

   [ring of resist corrosion]

   It protects you from fire.
   It affects your resistance to hostile enchantments.
Wands
 y - a wand of iceblast (6/15)
 G - a wand of polymorph (8/24)
 K - a wand of lightning (1/15)
Scrolls
 b - a scroll of teleportation {unknown}
 f - a scroll of random uselessness {unknown}
 h - 5 scrolls of enchant weapon
 i - 9 scrolls of identify
 k - a scroll of immolation {unknown}
 n - a scroll of blinking {unknown}
 r - 4 scrolls of remove curse
 s - 2 scrolls of noise {unknown}
 B - a scroll of recharging {unknown}
 D - a scroll of fear {unknown}
 E - a scroll of magic mapping {unknown}
Potions
 g - a potion of mutation
 o - a potion of brilliance
Books
 e - a book of Geomancy

   Spells                             Type                      Level
   a - Sandblast                      Earth                        1
   b - Passwall                       Transmutation/Earth          2
   c - Stone Arrow                    Conjuration/Earth            3
   d - Petrify                        Transmutation/Earth          4
   e - Lee's Rapid Deconstruction     Earth                        5
Comestibles
 c - 2 royal jellies
 d - 3 bread rations
 v - 2 fruits
 F - a meat ration


   Skills:
 + Level 3.7 Fighting
 + Level 5.1 Short Blades
 + Level 1.5 Throwing
 + Level 5.8 Armour
 + Level 3.4 Dodging
 + Level 2.7 Stealth
 + Level 2.5 Shields
 + Level 3.0 Spellcasting
   Level 0.8 Transmutations
 * Level 7.6 Earth Magic
 + Level 0.6 Invocations
 + Level 0.3 Evocations


You had 13 spell levels left.
You knew the following spells:

 Your Spells              Type           Power        Failure   Level  Hunger
a - Sandblast             Erth           ####..       17%         1    #......


Dungeon Overview and Level Annotations

Branches:
Dungeon (9/15)             Temple (1/1) D:5
   Lair: D:8-11         Orc: D:9-12

Altars:
Cheibriados
Elyvilon
Fedhas
Gozag
Hepliaklqana
Makhleb
Nemelex Xobeh
Okawaru
Qazlal
Ru
Sif Muna
Trog
Uskayaw
Vehumet
Xom
Yredelemnul
Zin
The Shining One

Shops:
D:5 *

Annotations:
D:5 exclusion: statue
D:6 Aleksandr27reg's ghost, novice DEWz


Innate Abilities, Weirdness & Mutations

You are resistant to damage.
You can heal yourself by infusing magical energy.
You passively map the area around you.
You do not regenerate.
You are agile. (Dex +2)
Scrolls take you a little longer to read.
Armour fits poorly on your strangely shaped body.
Your body sometimes deteriorates upon taking damage.


Message History

You feel clumsy. The quasit claws you.
You feel clumsy.
The quasit claws you but does no damage.
The bullfrog hits you. You block the soldier ant's attack.
The soldier ant barely misses you.
You hit the quasit.
The quasit is heavily wounded.
* * * LOW HITPOINT WARNING * * *
You feel sick. You block the killer bee's attack.
You block the bullfrog's attack. The killer bee barely misses you.
The quasit bites you but does no damage.
The quasit claws you but does no damage. x2
Okay, then.
Really read with blurry vision while enemies are nearby?
* * * LOW HITPOINT WARNING * * *
You feel sick. You block the killer bee's attack. The soldier ant stings you!
* * * LOW HITPOINT WARNING * * *
The soldier ant barely misses you. The bullfrog hits you.
You die...

, * *, , , , , * , ,
,* *,,* * * , ,, , ,
* ** * , * ,#.# * *
, ## #.#** ,,,...
#,#.##
#.####.##...,,*
#.#...###.y@5......
,
#.#.##.#.#aaF......
, .....,.#..a#.#...>
,,
######.####..#...#
... , ,
#.....aF....###..#*
. *
###a####.####.>#...#
, *, .a..# ###
#....#. #####
#.#.##.#* #.#.##.# *
, *


You could see 3 soldier ants, a bullfrog, a killer bee and a quasit.

Vanquished Creatures
  The ghost of Fisto the Cudgeler, an amateur MiFi of Ru (D:5)
  Grinder (D:6)
  3 soldier ants
  A sky beast (D:5)
  A centaur (D:5)
  A water moccasin skeleton (D:7)
  2 scorpions
  2 wights
  3 crimson imps
  A quasit (D:7)
  4 hounds
  A centaur skeleton (D:5)
  An orc priest (D:7)
  3 orc wizards
  Jessica (D:2)
  Terence (D:2)
  5 worker ants
  A hound zombie (D:5)
  Robin (D:4)
  7 adders
  5 river rats (D:6)
  3 shadow imps
  An ooze (D:4)
  An adder skeleton (D:4)
  A worm (D:2)
  A dart slug (D:3)
  5 leopard geckos
  17 orcs
  A ball python (D:2)
  3 giant cockroaches
  11 goblins
  8 hobgoblins
  4 jackals (D:1)
  6 kobolds
  4 quokkas
  10 bats
  5 frilled lizards
  A giant cockroach zombie (D:5)
  18 rats
146 creatures vanquished.

Notes
Turn   | Place    | Note
-------+----------+-------------------------------------------
     0 | D:1      | Fisto the Deep Dwarf Earth Elementalist began the quest for the Orb.
     0 | D:1      | Reached XP level 1. HP: 15/15 MP: 3/3
   503 | D:1      | Reached XP level 2. HP: 20/22 MP: 2/4
   942 | D:2      | Noticed Jessica
   960 | D:2      | Killed Jessica
   960 | D:2      | Reached XP level 3. HP: 22/28 MP: 2/4
   975 | D:2      | Found a faded altar of an unknown god.
   981 | D:2      | Became a worshipper of the Shining One
   981 | D:2      | Reached * piety under the Shining One
  1060 | D:2      | Reached skill level 5 in Earth Magic
  1096 | D:2      | Reached XP level 4. HP: 35/37 MP: 3/5
  1170 | D:2      | Noticed Terence
  1445 | D:2      | Killed Terence
  1445 | D:2      | Reached skill level 1 in Short Blades
  1570 | D:2      | Found a sparkling altar of Nemelex Xobeh.
  1608 | D:2      | Reached skill level 1 in Fighting
  1641 | D:2      | Reached skill level 1 in Armour
  1739 | D:3      | Reached skill level 1 in Throwing
  2199 | D:3      | Found a sparkling altar of Nemelex Xobeh.
  2233 | D:3      | Reached XP level 5. HP: 43/44 MP: 6/6
  2921 | D:4      | Noticed Robin
  2950 | D:4      | Killed Robin
  3451 | D:5      | Entered Level 5 of the Dungeon
  3451 | D:5      | Found Kozxaem's General Store.
  3451 | D:5      | Noticed Fisto's ghost (amateur MiFi)
  3467 | D:5      | Reached ** piety under the Shining One
  3482 | D:5      | Killed Fisto's ghost
  3482 | D:5      | Reached skill level 1 in Shields
  3482 | D:5      | Reached XP level 6. HP: 35/52 MP: 8/8
  3540 | D:5      | Bought a potion of curing for 42 gold pieces
  3626 | D:5      | Found a radiant altar of Vehumet.
  3684 | D:5      | Reached XP level 7. HP: 54/58 MP: 6/8
  3803 | D:5      | Reached skill level 6 in Earth Magic
  3842 | D:5      | Got a pitted bone ring
  3902 | D:5      | Gained mutation: Your body sometimes deteriorates upon taking damage. [potion of mutation]
  3902 | D:5      | Gained mutation: Armour fits poorly on your strangely shaped body. [potion of mutation]
  3902 | D:5      | Gained mutation: Scrolls take you a little longer to read. [potion of mutation]
  3902 | D:5      | Gained mutation: You are agile. (Dex +2) [potion of mutation]
  4114 | D:5      | Found a staircase to the Ecumenical Temple.
  4175 | Temple   | Entered the Ecumenical Temple
  4436 | D:6      | Noticed Grinder
  4453 | D:6      | Killed Grinder
  4453 | D:6      | Reached XP level 8. HP: 53/68 MP: 9/9
  4749 | D:6      | Reached skill level 7 in Earth Magic
  4826 | D:6      | Noticed Aleksandr27reg's ghost (novice DEWz)
  4875 | D:7      | Found a sacrificial altar of Ru.
  5018 | D:7      | Reached *** piety under the Shining One
  5344 | D:7      | Reached skill level 5 in Armour
  5671 | D:8      | Reached skill level 5 in Short Blades
  5915 | D:7      | Found a glowing silver altar of Zin.
  6052 | D:8      | Gained mutation: You passively map the area around you. [Deep Dwarf growth]
  6052 | D:8      | Reached XP level 9. HP: 53/78 MP: 4/6
  6090 | D:9      | Identified the ring of Sarup {rCorr rF+ MR+} (You found it on level 5 of the Dungeon)
  6151 | D:8      | HP: 2/78 [soldier ant (8)]
  6151 | D:8      | Slain by a bullfrog

Skill      XL: |  1  2  3  4  5  6  7  8 |
---------------+-------------------------+-----
Spellcasting   | 2 3 |  3.0
Earth Magic    | 5 6 7 |  7.6
Short Blades   | 1 2 3 5 |  5.1
Fighting       | 1 2 3 |  3.7
Armour         | 1 2 4 5 |  5.8
Throwing       | 1 |  1.5
Shields        | 1 2 |  2.5
Dodging        | 3 |  3.4
Stealth        | |  2.7
Transmutations | |  0.8
Invocations    | |  0.6
Evocations     | |  0.3

Action                   |  1- 3 |  4- 6 |  7- 9 || total
-------------------------+-------+-------+-------++-------
Melee: Dagger            |    12 |       |       ||    12
       Unarmed           |     4 |       |       ||     4
       Short sword       |    42 |   248 |   537 ||   827
Throw: Stone             |    25 |    51 |    30 ||   106
       Tomahawk          |       |    11 |     5 ||    16
 Cast: Sandblast         |    18 |     4 |     4 ||    26
Invok: Divine Shield     |       |     1 |     5 ||     6
 Abil: Heal Wounds       |     3 |     7 |    23 ||    33
Evoke: Wand              |       |       |     4 ||     4
  Use: Potion            |       |     4 |    13 ||    17
       Scroll            |       |     1 |     2 ||     3
  Eat: Bread ration      |       |     1 |     1 ||     2
       Fruit             |       |     1 |       ||     1
       Meat ration       |       |     1 |     1 ||     2
Armor: Robe              |     6 |       |       ||     6
       Chain mail        |    29 |   196 |   250 ||   475
       Skin              |       |    20 |    23 ||    43
Dodge: Dodged            |    33 |   100 |   208 ||   341
Block: Buckler           |       |    39 |   189 ||   228
